 Dungeon Crawl Stone Soup version 0.27-a0-1196-g3e9cee4cb2 (webtiles) character file.

Game seed: 12818518793459307154

84 mordus the Conjurer (level 4, 0/33 HPs)
             Began as a Draconian Conjurer on May 27, 2021.
             Slain by Sigmund
             ... wielding a +1 scythe of protection
              (1 damage)
             ... on level 3 of the Dungeon.
             The game lasted 00:06:59 (2469 turns).

mordus the Conjurer (Draconian Conjurer)            Turns: 2469, Time: 00:07:00

Health: 0/33       AC:  5    Str: 10    XL:     4   Next: 24%
Magic:  5/8        EV: 12    Int: 19    God:
Gold:   46         SH:  0    Dex:  9    Spells: 6/9 levels left

rFire    . . .     SeeInvis .   c - +0 dagger
rCold    . . .     Faith    .   (no shield)
rNeg     . . .     Spirit   .   (armour unavailable)
rPois    .         Reflect  .   (helmet restricted)
rElec    .         Harm     .   (no cloak)
rCorr    .         Rampage  .   (no gloves)
Will     .....                  (no boots)
Stlth    +.........             (no amulet)
HPRegen  0.11/turn              (no ring)
MPRegen  0.11/turn              (no ring)

@: confused
A: AC +5, unfitting armour, cold-blooded
a: no special abilities


You were on level 3 of the Dungeon.
You visited 1 branch of the dungeon, and saw 3 of its levels.

You collected 46 gold pieces.

Inventory:

Hand Weapons
 c - a +0 dagger (weapon)
Missiles
 a - 6 boomerangs of dispersal
Scrolls
 b - a scroll of immolation {unknown}
 d - a scroll of identify {unknown}
 g - a scroll of vulnerability {unknown}
 j - a scroll of teleportation {unknown}
Potions
 e - a potion of curing {unknown}
 f - 2 potions of haste {unknown}
 h - a potion of brilliance {unknown}
 i - a potion of flight {unknown}
 k - a potion of degeneration {unknown}


   Skills:
 - Level 1.7 Dodging
 - Level 1.7 Stealth
 + Level 3.3 Spellcasting
 + Level 5.0 Conjurations


You had 6 spell levels left.
You knew the following spells:

 Your Spells              Type           Power      Damage    Failure   Level
a - Magic Dart            Conj           88%        1d7       1%          1
b - Searing Ray           Conj           44%        3d4       3%          2

Your spell library contained the following spells:

 Spells                   Type           Power      Damage    Failure   Level
 Corona                   Hex            3%         N/A       16%         1
 Dazzling Flash           Conj/Hex       24%        N/A       16%         3
 Ensorcelled Hibernation  Hex/Ice        6%         N/A       22%         2
 Confusing Touch          Hex            3%         N/A       41%         3
 Tukima's Dance           Hex            3%         N/A       41%         3
 Fulminant Prism          Conj/Hex       6%         3d7       47%         4
 Iskenderun's Mystic Bla  Conj/Tloc      12%        2d5       47%         4


Dungeon Overview and Level Annotations

Branches:
Dungeon (3/15)

Altars:

Shops:
D:2 !

Annotations:
D:3 Sigmund


Innate Abilities, Weirdness & Mutations

Your plain brown scales are hard. (AC +5)
You cannot fit into any form of body armour.
You are cold-blooded and may be slowed by cold attacks.


Message History

You now have 46 gold pieces (gained 18).
Things that are here:
a +0 dagger; a goblin corpse
Things that are here:
a +0 club; 2 stones Sigmund the Dreaded comes into view.
He is wielding a +1 scythe of protection.
Sigmund shouts!
Casting: Magic Dart (safe; 1% risk of failure)
Confirm with . or Enter, or press ? or * to list all spells.
Aiming: Searing Ray (safe; 3% risk of failure)
Press: ? - help, Shift-Dir - straight line, f - Sigmund
Aim: Sigmund, wielding a +1 scythe of protection and wearing a +0 robe (75% to hit)
The searing ray hits Sigmund but does no damage. (Press . to maintain the ray.)
The searing ray hits Sigmund.
Sigmund is lightly wounded.
The searing ray hits Sigmund.
Sigmund is moderately wounded.
Sigmund casts a spell at you.
You are confused.
Sigmund hits you from afar with a +1 scythe of protection!
Sigmund closely misses you.
Sigmund hits you from afar with a +1 scythe of protection!
* * * LOW HITPOINT WARNING * * *
Sigmund barely misses you.
You're too confused to move!
Sigmund barely misses you.
You bump into the rock wall.
You feel less confused. Sigmund misses you.
Sigmund gestures at you while chanting.
You are confused.
Sigmund points at you and mumbles some strange words.
You are more confused.
You bump into the rock wall.
Sigmund gestures at you while chanting. The puff of flame hits you!
* * * LOW HITPOINT WARNING * * *
You bump into the rock wall.
Sigmund hits you from afar with a +1 scythe of protection.
You die...

#.# ####### #.#
......########.####
......'...........+
......# #.##
.)....# #..#
......# ##@#
......# #.##
......# #.@#
......# ##.#
....).####### #.##
............####..#
########........#.#
#........#.#
#........#.#
####.#####.. #.# #.


You could see Sigmund.

Vanquished Creatures
  2 adders
  A worm (D:2)
  2 dart slugs
  3 endoplasms (D:1)
  3 giant cockroaches
  6 goblins
  6 hobgoblins
  9 jackals
  3 kobolds
  3 quokkas
  7 ball pythons
  4 bats
  A frilled lizard (D:1)
  A rat (D:2)
51 creatures vanquished.

Notes
Turn   | Place    | Note
-------+----------+-------------------------------------------
     0 | D:1      | mordus the Draconian Conjurer began the quest for the Orb.
     0 | D:1      | Reached XP level 1. HP: 14/14 MP: 3/3
   308 | D:1      | Reached XP level 2. HP: 20/20 MP: 3/5
   731 | D:1      | Learned a level 2 spell: Searing Ray
   866 | D:1      | Reached XP level 3. HP: 24/26 MP: 1/7
  1223 | D:2      | Found Ethilam's Distillery.
  1739 | D:2      | Reached XP level 4. HP: 33/33 MP: 5/8
  2369 | D:3      | Reached skill level 5 in Conjurations
  2452 | D:3      | Noticed Sigmund
  2465 | D:3      | HP: 1/33 [Sigmund/puff of flame (7)]
  2469 | D:3      | Slain by Sigmund

Illustrated notes

Levels and vault maps discovered:
D:1:      scummos_arrival_simple_crosswalls, layout_basic, minivault_25
D:2:      layout_basic, serial_shops, nicolae_shop_behind_doors
D:3:      layout_basic, regret_index_temple_of_mockery, serial_shops,
          nicolae_shop_stone, uniq_sigmund

Skill      XL: |  1  2  3  4 |
---------------+-------------+-----
Spellcasting   | 3 |  3.3
Conjurations   | 5 |  5.0
Dodging        | |  1.7
Stealth        | |  1.7

Action                   |  1- 3 |  4- 6 || total
-------------------------+-------+-------++-------
Melee: Unarmed           |    27 |       ||    27
       Tailslap          |     5 |       ||     5
       Dagger            |    16 |    12 ||    28
 Cast: Magic Dart        |    51 |    15 ||    66
       Searing Ray       |     6 |     1 ||     7
 Stab: Sleeping          |       |     1 ||     1
Armor: Skin              |    14 |     5 ||    19
Dodge: Dodged            |    29 |    16 ||    45

Table legend: (Time is in decaauts)
 A = Elapsed time spent in this place.
 B = Non-inter-level travel time spent in this place.
 C = Inter-level travel time spent in this place.
 D = Time resting spent in this place.
 E = Time spent auto-exploring this place.
 F = Levels seen in this place.
 G = Mean time per level.
                   A        B        C        D        E       F      G
               +--------+--------+--------+--------+--------+-----+--------+
         Total |   2469 |   2412 |     57 |    611 |   1463 |   3 |  823.0 |
       Dungeon |   2469 |   2412 |     57 |    611 |   1463 |   3 |  823.0 |
               +--------+--------+--------+--------+--------+-----+--------+

Top non-repeatable levels by time:
     D:1: 1135 daAuts
     D:2: 1102 daAuts
     D:3: 231 daAuts
